Unix NetHack Version 3.7.0-53 Work-in-progress - last build Apr 18 2022 03:42:42 (02b85442fffe0e2954e411e09df771b56fe27bbc,branch:master). Game began 2022-05-06 09:38:18, ended 2022-05-07 07:03:15. elenmirie, neutral female gnomish Healer ------ ## -------- |....| --------------------------------#)##.......| |.^... |..............(.......[...[...|# |......| |....| |......--|----------.....-----.|# |......| --.-.- |......|..|...|....|.....|.((|.|# ##-...<..| # |......|..|...|....|.....-..(|.|# # --.----- # |......---|...||-------..|.(.|.|*## ## ######### # |.....)...|...|.|..|..|.-----|.|# # ##### #-.........---|-.|..|..|.-..)[|.|# #### --.--- ###|......).)).({..--||..|.|.._"|.|# # |.....##)#)|..........)....)..-|--.|)...|.|# # |....|### #|.----|---.-----|-......|.[.)|.-f # |..... |.|..|...|)+ ..||----.-----|.|@ ##)# |....| |.|..|(((|.| |..|....|).|?..-.|@########### # ------ |.|..|(((|.---|..|....|..|...|.|# -|-|-|-- |.--|-----.)).---------..-----.|# |.....>| |..............................|# |......| --------------------------------# -------- Elenmirie the Rhizotomist St:11 Dx:9 Co:15 In:11 Wi:16 Ch:16 Neutral Dlvl:6 $:516 HP:0(29) Pw:14(14) AC:-2 Xp:2/23 T:4887 Hungry Burdened Latest messages: The iguana misses! You miss the iguana. You miss the iguana. The iguana misses! The iguana bites! You hear an animal carcass being offered in sacrifice. What do you want to use or apply? [e-jntuxABPU or ?*] P In what direction? h Status of the iguana (neutral): Level 2 HP 3(6) AC 7. What do you want to drink? [dmopENSVW or ?*] ? You feel better. The iguana bites! You miss the iguana. The iguana misses! You are beginning to feel hungry. You miss the iguana. The iguana bites! You miss the iguana. The iguana misses! You miss the iguana. You miss the iguana. The iguana bites! You hear water falling on coins. You hit the iguana. The iguana misses! You miss the iguana. You miss the iguana. You miss the iguana. You kill the iguana! You see here a +0 dwarvish mithril-coat. You hear a thud. You miss the lichen. You kill the lichen! Welcome to experience level 2. You feel more confident in your skills. You are now more skilled in short sword. H - an uncursed broad short sword (weapon in hand). The wererat thrusts her dagger. The wererat hits! The wererat thrusts her dagger. The wererat hits! You hit the wererat. The wererat thrusts her dagger. The wererat hits! You die... Do you want your possessions identified? [ynq] (y) y Do you want to see your attributes? [ynq] (y) y Do you want an account of creatures vanquished? [ynaq] (y) y Do you want to see your conduct and achievements? [ynq] (y) y Do you want to see the dungeon overview? [ynq] (y) y Major events: Turn 1: elenmirie the neutral female gnomish Healer entered the dungeon 1676: entered the Gnomish Mines 2920: reached Mine Town 4887: killed by a wererat Inventory: Coins $ - 516 gold pieces Weapons w - an uncursed +0 dagger G - an uncursed +1 elven dagger M - an uncursed +0 orcish dagger a - an uncursed +0 scalpel H - an uncursed +0 dwarvish short sword (weapon in hand) Armor I - an uncursed +0 dwarvish iron helm (being worn) b - an uncursed +1 pair of leather gloves (being worn) K - an uncursed +0 pair of iron shoes (being worn) z - an uncursed +0 dwarvish cloak (being worn) Y - an uncursed +0 studded leather armor (being worn) Comestibles k - an uncursed apple F - an uncursed tripe ration Scrolls R - 3 cursed scrolls of blank paper L - a cursed scroll of charging O - a cursed scroll of confuse monster X - an uncursed scroll of create monster c - a cursed scroll of create monster l - an uncursed scroll of destroy armor C - an uncursed scroll of fire q - an uncursed scroll of identify Q - a cursed scroll of magic mapping r - 3 uncursed scrolls of remove curse y - a blessed scroll of teleportation s - 3 uncursed scrolls of teleportation v - a cursed scroll of teleportation Spellbooks i - a blessed spellbook of extra healing h - a blessed spellbook of healing u - an uncursed spellbook of polymorph t - an uncursed spellbook of sleep j - a blessed spellbook of stone to flesh Potions S - a cursed potion of booze m - an uncursed potion of full healing p - an uncursed potion of gain level d - an uncursed potion of healing V - a cursed potion of levitation E - an uncursed potion of object detection N - an uncursed potion of polymorph W - a cursed potion of sickness o - an uncursed potion of sleeping Rings Z - a cursed -1 ring of increase damage D - an uncursed ring of invisibility Wands f - a cursed wand of cancellation (0:3) A - a cursed wand of magic missile (0:2) g - an uncursed wand of sleep (0:6) B - a cursed wand of sleep (0:0) Tools x - an uncursed blindfold e - an uncursed lock pick U - an uncursed magic lamp P - an uncursed stethoscope n - an uncursed tallow candle Elenmirie the Healer's attributes: Background: You were a Rhizotomist, a level 2 female gnomish Healer. You were neutral, on a mission for Hermes who was opposed by Athena (lawful) and Poseidon (chaotic). You were in the Gnomish Mines, on level 6. You entered the dungeon 4887 turns ago. You had 23 experience points, 17 more were needed to attain level 3. Basics: You had 0 out of 29 hit points. You had all 14 energy points (spell power). Your armor class was -2. Your wallet contained 516 zorkmids. Autopickup was on for '$' plus thrown. Final Characteristics: Your strength was 11 (limit:18/50). Your dexterity was 9 (peak:10, limit:18). Your constitution was 15 (limit:18). Your intelligence was 11 (limit:19). Your wisdom was 16 (limit:18). Your charisma was 16 (limit:18). Final Status: You were hungry. You were burdened; movement was slightly slowed. You were wielding a short sword. You had basic skill with short sword. Final Attributes: You were devoutly aligned. You were poison resistant. You were telepathic. You had infravision. You had a small defense bonus (+3). You were warded. You are dead. Miscellaneous: You encountered 1 bones level. Total elapsed playing time was 56 minutes and 23 seconds. Vanquished creatures: a ghost 4 watchmen a dwarf leader a shrieker a gnome leader a floating eye 2 kittens 4 dwarves a kobold leader a centipede 2 orc zombies 6 iguanas an acid blob 6 coyotes a gas spore 3 hobbits a large kobold a hobgoblin 3 giant rats a cave spider a green mold a red mold 5 gnomes 4 garter snakes 7 geckos 19 jackals 3 foxes 7 goblins 2 sewer rats 5 grid bugs 3 bats 7 lichens a kobold zombie 14 newts 121 creatures vanquished. No species were genocided or became extinct. Voluntary challenges: You read items or engraved 2 times. You never engraved Elbereth. You never genocided any monsters. You never polymorphed an object. You never changed form. You used no wishes. Achievements: You entered the Gnomish Mines. You entered Minetown. You entered a temple. You entered a shop. The Dungeons of Doom: levels 1 to 3 Level 1: An altar to Hermes, a fountain. Level 2: A tree. Level 3: Some fountains. Stairs down to The Gnomish Mines. The Gnomish Mines: levels 4 to 6 Level 4: Level 5: Level 6: <- You were here. Many shops, a temple, some fountains. Final resting place for you, killed by a wererat, Ear1yT-Sam-Hum-Mal-Law, killed by a kitten. Game over: ---------- / \ / REST \ / IN \ / PEACE \ / \ | elenmirie | | 516 Au | | killed by a | | wererat | | | | | | 2022 | *| * * * | * _________)/\\_//(\/(/\)/\//\/|_)_______ Goodbye elenmirie the Healer... You died in The Gnomish Mines on dungeon level 6 with 342 points, and 516 pieces of gold, after 4887 moves. You were level 2 with a maximum of 29 hit points when you died.